 Dungeon Crawl Stone Soup version 0.31-a0-675-g238779eb0a (webtiles) character file.

Game seed: 11553695243559294478

46 KarmaKiller the Sneak (level 3, 0/22 HPs)
             Began as a Kobold Brigand on Sept 5, 2023.
             Slain by Crazy Yiuf
             ... wielding a +4 quarterstaff of chaos
              (1 damage)
             ... on level 2 of the Dungeon.
             The game lasted 00:06:58 (1198 turns).

KarmaKiller the Sneak (Kobold Brigand)              Turns: 1198, Time: 00:06:58

Health: 0/22       AC:  6    Str:  8    XL:     3   Next: 95%
Magic:  3/3        EV: 12    Int: 12    God:
Gold:   82         SH:  0    Dex: 18    Spells: 2/2 levels left

rFire   . . .        a - +2 dagger
rCold   . . .        (no shield)
rNeg    . . .        q - +0 ring mail
rPois   .            (no helmet)
rElec   .            c - +0 cloak
rCorr   .            (no gloves)
SInv    .            (no boots)
Will    .....        j - amulet of regeneration
Stlth   ++++         (no ring)
HPRegen 1.03/turn    (no ring)
MPRegen 0.08/turn

%: no passive effects
@: no status effects
A: small, no large weapons, nightstalker 3
a: no special abilities


You were on level 2 of the Dungeon.
You visited 1 branch of the dungeon, and saw 2 of its levels.

You collected 82 gold pieces.

Inventory:

Hand Weapons
 a - a +2 dagger (weapon)
 g - a +0 short sword
Missiles
 d - 9 poisoned darts (quivered)
 e - 3 curare-tipped darts
Armour
 b - a +0 robe
 c - a +0 cloak (worn)
 q - a +0 ring mail (worn)
Jewellery
 j - an amulet of regeneration (around neck)
Scrolls
 f - a scroll of teleportation {unknown}
 h - a scroll of fear {unknown}
 l - a scroll of blinking {unknown}
 m - a scroll of identify {unknown}
 o - a scroll of vulnerability {unknown}
 p - 2 scrolls of revelation {unknown}
Potions
 i - a potion of might {unknown}
 k - a potion of haste {unknown}
 n - a potion of invisibility {unknown}


   Skills:
 + Level 2.4 Fighting
 + Level 3.3 Short Blades
 + Level 2.1 Throwing
 + Level 1.5 Dodging
 + Level 6.7 Stealth


You had 2 spell levels left.
You didn't know any spells.
Your spell library contained the following spells:

 Spells                   Type           Power      Damage    Failure   Level
 Volatile Blastmotes      Fire/Tloc      0%         2d10      97%         3
 Fulminant Prism          Conj/Hex       0%         3d5       100%        4
 Iskenderun's Mystic Bla  Conj/Tloc      0%         2d3       100%        4


Dungeon Overview and Level Annotations

Branches:
Dungeon (2/15)

Altars:

Annotations:
D:2 Crazy Yiuf


Innate Abilities, Weirdness & Mutations

You are small and have problems with some larger weapons.
You are completely attuned to the shadows.


Message History

Found a ring mail.
Found a stone staircase leading down.
You see here a +0 ring mail.
q - a +0 ring mail You start removing your armour.
You continue taking off your +0 robe. x4
You finish taking off your +0 robe.
You start putting on your armour.
You continue putting on your +0 ring mail. x5
You finish putting on your +0 ring mail.
Found a stone staircase leading down.
A ball python comes into view.
The helpless ball python fails to defend itself.
You spit the ball python like a pig!!!
You kill the ball python!
Found a hammer.
Found a hammer.
Found a hammer.
You see here a +0 hammer.
You see here a +0 hammer.
Found three hammers.
Found a runed translucent door.
You see here a +0 hammer.
Found two hammers.
You see here a +0 hammer.
Found two hammers.
You see here a +0 hammer.
Found four hammers.
Crazy Yiuf shouts!
You see here a +0 hammer.
You open the door.
Crazy Yiuf zaps a wand.
The puff of flame hits you!
There is an open translucent door here.
You hit Crazy Yiuf.
Crazy Yiuf is lightly wounded.
Crazy Yiuf zaps a wand.
The puff of flame hits you!
You hit Crazy Yiuf.
Crazy Yiuf is moderately wounded.
You barely miss Crazy Yiuf.
Crazy Yiuf is moderately wounded.
Crazy Yiuf hits you with a +4 quarterstaff of chaos!
* * * LOW HITPOINT WARNING * * *
Crazy Yiuf freezes you.
You die...

.....>....###
............#
............#
#......######
##.....# #......#
.......##♣♣ ####
##.....#..♣♣ ♣♣#)))#
#.........♣♣♣♣)@g).#
#.........)♣))♣#)))#
#######..)♣)♣♣♣ ####
##♣♣♣♣♣


You could see Crazy Yiuf.

Vanquished Creatures
  3 worms (D:2)
  5 endoplasms
  A goblin (D:1)
  3 hobgoblins
  7 jackals (D:1)
  5 kobolds
  A quokka (D:1)
  3 ball pythons
  3 bats (D:1)
  A frilled lizard (D:1)
  3 rats (D:1)
35 creatures vanquished.

Notes
Turn   | Place    | Note
-------+----------+-------------------------------------------
     0 | D:1      | KarmaKiller the Kobold Brigand began the quest for the Orb.
     0 | D:1      | Reached XP level 1. HP: 12/12 MP: 1/1
   234 | D:1      | Reached XP level 2. HP: 9/17 MP: 2/2
   347 | D:1      | Reached skill level 6 in Stealth
   562 | D:1      | Reached XP level 3. HP: 21/21 MP: 3/3
   624 | D:1      | You fall into a shaft and drop 1 floor!
  1190 | D:2      | Found a runed translucent door.
  1193 | D:2      | Noticed Crazy Yiuf
  1198 | D:2      | HP: 1/22 [Crazy Yiuf/+4 quarterstaff of chaos (8)]
  1198 | D:2      | Slain by Crazy Yiuf

Illustrated notes

Levels and vault maps discovered:
D:1:      scummos_arrival_simple_crosswalls, layout_loops_cross
D:2:      layout_rooms, dreamdust_wishing_well, corexii_item_surrounded_by_moat,
          uniq_crazy_yiuf_cottage

Skill      XL: |  1  2 |
---------------+-------+-----
Short Blades   | 3 |  3.3
Stealth        | 6 |  6.7
Fighting       | |  2.4
Throwing       | |  2.1
Dodging        | |  1.5

Action                     || total
---------------------------++-------
  Melee: Dagger            ||    85
  Throw: Dart              ||     2
   Stab: Sleeping          ||    19
 Armour: Robe              ||    20
         Ring mail         ||     3
  Dodge: Dodged            ||    27

Table legend: (Time is in decaauts)
 A = Elapsed time spent in this place.
 B = Non-inter-level travel time spent in this place.
 C = Inter-level travel time spent in this place.
 D = Time resting spent in this place.
 E = Time spent auto-exploring this place.
 F = Levels seen in this place.
 G = Mean time per level.
                   A        B        C        D        E       F      G
               +--------+--------+--------+--------+--------+-----+--------+
         Total |   1183 |   1183 |      0 |     23 |      0 |   2 |  591.5 |
       Dungeon |   1183 |   1183 |      0 |     23 |      0 |   2 |  591.5 |
               +--------+--------+--------+--------+--------+-----+--------+

Top non-repeatable levels by time:
     D:1: 615 daAuts
     D:2: 567 daAuts
